Map: 블루시프트 - 래더

Players

Rogue

  • Race: Zerg Zerg
  • Spawn Location: 1:00

liquidthermy (uThermal) - Winner!

  • Race: Terran Terran
  • Spawn Location: 7:00

Event: HomeStory Cup XVIII

VOD

Have the link to the VOD?

Description

Time

  • Played on: Nov. 22, 2018, 8:48 a.m.
  • Length: 8:24

All games in this series

Show
View Real Time Build Order
Export as new Build Order

Rogue Zerg 

Build Orders: Hatch First 

Get SALT Encoding   

  12  0:00  Drone  
  13  0:12  Overlord  
  13  0:17  Drone  
  14  0:31  Drone x2  
  16  0:49  Hatchery  
  15  0:51  Drone  
  15  0:54  Drone  
  17  0:57  Drone  
  18  1:08  Extractor  
  17  1:12  Spawning Pool  
  17  1:15  Drone  
  17  1:19  Drone  
  18  1:28  Drone  
  19  1:40  Overlord  
  19  1:49  Drone  
  20  1:59  Queen  
  20  2:00  Queen, Zergling x2  
  25  2:02  Zergling x2  
  26  2:08  Metabolic Boost  
  26  2:12  Drone x2  
  28  2:23  Drone x2  
  30  2:34  Overlord  
  30  2:40  Hatchery  
  29  2:45  Queen  
  29  2:50  Drone  
  29  2:51  Drone  
  33  2:53  Drone  
  34  2:59  Overlord  
  34  3:01  Drone  
  35  3:09  Drone x3  
  35  3:11  Drone  
  35  3:12  Drone  
  40  3:15  Drone x2  
  42  3:23  Drone x3  
  45  3:31  Drone  
  46  3:40  Queen  
  48  3:42  Queen  
  48  3:43  Overlord  
  48  3:44  Drone x2  
  52  3:48  Overlord  
  52  3:54  Zergling x6  
  55  3:57  Extractor x2  
  55  4:00  Drone x2, Roach Warren  
  55  4:01  Drone  
  55  4:04  Drone x2  
  57  4:12  Queen  
  57  4:15  Zergling x4  
  57  4:16  Drone x2  
  63  4:22  Lair  
  63  4:25  Drone, Spore Crawler  
  63  4:26  Drone  
  63  4:29  Spore Crawler  
  63  4:32  Drone, Spore Crawler  
  63  4:35  Drone x2  
  65  4:40  Drone x2  
  65  4:41  Drone  
  65  4:44  Overlord  
  68  4:51  Roach x3  
  74  4:56  Overlord  
  74  4:58  Overlord  
  74  5:05  Roach x3  
  75  5:15  Roach x2  
  75  5:16  Roach x3  
  81  5:21  Drone x3  
  81  5:24  Drone x2  
  81  5:25  Overseer  
  83  5:28  Drone  
  83  5:30  Glial Reconstitution  
  84  5:39  Drone x3  
  84  5:40  Drone x4  
  84  5:41  Overseer  
  91  5:45  Queen  
  92  5:56  Drone x2  
  92  6:01  Evolution Chamber  
  92  6:02  Evolution Chamber  
  92  6:03  Drone x6  
  93  6:07  Drone  
  93  6:08  Drone x2  
  93  6:11  Extractor x2  
  93  6:14  Queen  
  93  6:16  Drone x2  
  93  6:17  Drone  
  95  6:21  Queen  
  95  6:22  Overlord  
  95  6:23  Extractor  
  90  6:36  Drone x2  
  92  6:40  Drone x2  
  92  6:41  Drone  
  92  6:42  Drone x3  
  92  6:43  Overlord  
  98  6:48  Queen, Overlord  
  98  6:49  Overlord  
  100  7:00  Queen  
  102  7:01  Overlord  
  102  7:04  Spore Crawler  
  102  7:05  Drone  
  102  7:07  Queen  
  104  7:09  Drone  
  105  7:17  Drone x2  
  105  7:18  Infestation Pit  
  106  7:25  Overlord x3  
  106  7:30  Roach  
  106  7:31  Roach x8  
  106  7:36  Ravager, Roach x2  
  130  7:37  Ravager  
  130  7:40  Overlord  
  125  7:44  Roach x3  
  125  7:45  Roach  
  125  7:46  Roach  
  134  7:55  Spore Crawler  
  134  7:57  Roach  
  119  8:04  Roach x3  
Show
View Real Time Build Order
Export as new Build Order

liquidthermy Terran - Winner!

Build Orders: Reaper Expand, Hellion Banshee 

Get SALT Encoding   

  12  0:01  SCV  
  13  0:13  SCV  
  14  0:16  Supply Depot  
  14  0:25  SCV  
  15  0:38  SCV  
  15  0:39  Barracks  
  16  0:43  Refinery  
  16  0:50  SCV  
  17  1:02  SCV  
  18  1:14  SCV  
  19  1:27  Reaper, Orbital Command  
  20  1:39  Command Center  
  20  1:49  Supply Depot  
  20  1:52  SCV  
  21  1:59  Marine  
  22  2:05  SCV  
  22  2:08  Factory  
  23  2:11  Refinery  
  23  2:17  SCV  
  23  2:20  Barracks Reactor  
  24  2:29  SCV  
  25  2:41  SCV  
  26  2:52  Starport, Orbital Command  
  26  2:53  SCV  
  31  2:58  Hellion x2  
  31  3:01  Barracks Tech Lab  
  31  3:05  SCV  
  32  3:06  Supply Depot  
  32  3:17  SCV  
  33  3:20  SCV  
  33  3:21  Hellion  
  33  3:23  Hellion  
  38  3:29  SCV  
  38  3:33  Cloaking Field  
  38  3:34  Banshee  
  39  3:36  SCV  
  43  3:43  Hellion  
  43  3:44  SCV  
  43  3:45  Supply Depot  
  43  3:48  Hellion  
  48  3:54  SCV  
  49  3:56  SCV  
  49  3:59  Armory  
  50  4:05  Hellion  
  50  4:06  Supply Depot  
  50  4:09  Hellion  
  54  4:11  SCV  
  54  4:17  Banshee, SCV  
  58  4:32  Command Center  
  58  4:33  SCV x2  
  58  4:37  Hellion  
  62  4:40  Hellion  
  62  4:45  SCV  
  65  4:48  SCV  
  65  4:49  Refinery  
  65  4:50  Refinery  
  66  4:57  Barracks Tech Lab  
  66  4:59  Factory x2  
  66  5:01  Hellion  
  66  5:02  SCV  
  69  5:08  Hellion  
  69  5:13  Banshee  
  70  5:16  SCV  
  70  5:20  SCV  
  60  5:28  SCV  
  60  5:30  Terran Vehicle And Ship Armor Level 1, Hellion x2  
  60  5:32  SCV  
  60  5:33  Barracks Tech Lab  
  63  5:40  SCV  
  64  5:44  SCV  
  64  5:46  Orbital Command  
  65  5:52  Cyclone, Mag-Field Accelerator, SCV  
  65  5:54  Hellion x2  
  65  5:56  SCV  
  74  6:01  Cyclone  
  77  6:04  SCV  
  77  6:05  Banshee  
  77  6:10  Supply Depot, SCV  
  82  6:16  SCV  
  82  6:18  Infernal Pre-Igniter  
  83  6:24  Orbital Command  
  83  6:25  Supply Depot  
  83  6:26  Supply Depot, SCV  
  83  6:32  Hellion x2, Cyclone  
  91  6:39  SCV  
  92  6:40  SCV  
  92  6:46  Cyclone, Refinery  
  92  6:47  Supply Depot  
  96  6:49  Supply Depot, Banshee  
  96  6:50  Refinery  
  99  6:59  Hellion x2  
  99  7:00  SCV  
  104  7:02  Supply Depot, SCV  
  104  7:03  SCV  
  104  7:06  Supply Depot  
  106  7:12  SCV  
  106  7:14  Cyclone  
  110  7:16  SCV  
  110  7:19  Hellion  
  110  7:21  SCV  
  110  7:22  Hellion x2  
  118  7:25  Supply Depot, SCV  
  119  7:31  SCV  
  119  7:33  SCV  
  121  7:41  SCV  
  121  7:43  Starport  
  122  7:44  Starport  
  122  7:47  Hellion, Cyclone  
  125  7:53  SCV  
  117  8:00  SCV  
  117  8:02  Hellion, SCV  
  116  8:11  Fusion Core, SCV  
Tags
 
Add a new tag
Caveats
  • Supply blocks, unpowered buildings, or Contaminate may cause inaccurate times.
  • Supply counts are checked every 10 seconds.